 Dungeon Crawl Stone Soup version 0.23-a0-650-ga4d50d4 (webtiles) character file.

93 Borgoz the Cutter (level 4, 0/29 HPs)
             Began as a Kobold Berserker on Jan 2, 2019.
             Was a Believer of Trog.
             Slain by a shadow imp (5 damage)
             ... summoned by Natasha
             ... on level 2 of the Dungeon.
             The game lasted 00:04:41 (1994 turns).

Borgoz the Cutter (Kobold Berserker)                Turns: 1994, Time: 00:04:42

Health: 0/29       AC:  6    Str: 14    XL:     4   Next: 91%
Magic:  4/4        EV: 13    Int:  8    God:    Trog [**....]
Gold:   92         SH:  0    Dex: 15    Spells: 3/3 levels left

rFire    . . .     SeeInvis .   a - +0 short sword
rCold    . . .     Gourm    .   (shield restricted)
rNeg     . . .     Faith    .   e - +0 scale mail
rPois    .         Spirit   .   (no helmet)
rElec    .         Reflect  .   (no cloak)
rCorr    .         Harm     .   (no gloves)
MR       .....                  (no boots)
Stlth    +.........             (no amulet)
HPRegen  0.09/turn              (no ring)
MPRegen  0.09/turn              (no ring)

@: slowed, very slow
A: small, carnivore
a: Berserk, Trog's Hand, Renounce Religion


You were on level 2 of the Dungeon.
You worshipped Trog.
Trog was pleased with you.
You were completely stuffed.

You visited 1 branch of the dungeon, and saw 2 of its levels.

You collected 92 gold pieces.

Inventory:

Hand Weapons
 a - a +0 short sword (weapon)
Armour
 b - a +0 animal skin
 e - a +0 scale mail (worn)
Scrolls
 d - 2 scrolls of magic mapping {unknown}
 g - a scroll of identify {unknown}
 h - 2 scrolls of remove curse {unknown}
 i - 3 scrolls of fear {unknown}
 k - a scroll of amnesia {unknown}
 n - a scroll of teleportation {unknown}
 q - a scroll of fog {unknown}
Potions
 f - a potion of resistance {unknown}
 j - a potion of brilliance {unknown}
 l - a potion of berserk rage {unknown}
 m - a potion of might {unknown}
 o - a potion of mutation {unknown}
 p - a potion of lignification {unknown}
 r - a potion of heal wounds {unknown}
 s - a potion of magic {unknown}
Comestibles
 c - 5 rations


   Skills:
 + Level 3.8 Fighting
 + Level 4.6 Short Blades
 + Level 2.2 Armour
 + Level 3.3 Dodging
 + Level 2.4 Stealth


You had 3 spell levels left.
You didn't know any spells.
Your spell library was empty.

Dungeon Overview and Level Annotations

Branches:
Dungeon (2/15)

Altars:

Annotations:
D:2 Natasha


Innate Abilities, Weirdness & Mutations

You are small and have problems with some larger weapons.
You are carnivorous and can eat meat at any time.


Message History

Natasha casts a spell at you.
You feel yourself slow down.
You hit Natasha.
Natasha is moderately wounded.
The shadow imp gestures at you. Pain shoots through your body!
* * * LOW HITPOINT WARNING * * *
Natasha closely misses you. The shadow imp barely misses you.
Okay, then.
You closely miss Natasha.
Natasha is moderately wounded.
Natasha claws you.
* * * LOW HITPOINT WARNING * * *
The shadow imp barely misses you.
Natasha stares at you and mumbles some strange words.
You resist with some effort.
You closely miss Natasha.
Natasha is moderately wounded.
The shadow imp hits you.
You die...

.# #....####..## #.# .#
#....# #...### #..... .#
.....# ##.#...# #.#... .#
...#### #..###.# .#.# .#
#.## #.####.# .# #.#
##..#..) .#
###.###....... .#
##.5.##.....#.# .#
####.@..(..#..##.# .#
.####...h#####.#..##.# .#
......#..#####.......###
.#
#.............####....###
.# #...(......####
#.##.... .#
.##........###
####.###### .# #.
#.......## ##...†.#####
.####> #.......#
##..........< .##..
#.......#####.........###


You could see Natasha and a shadow imp.

Vanquished Creatures
  Natasha (D:2)
  An adder (D:2)
  A worm (D:2)
  4 dart slugs
  A leopard gecko (D:1)
  4 giant cockroaches
  4 goblins
  9 hobgoblins
  A ball python (D:2)
  7 bats
  5 frilled lizards
  6 kobolds
  6 rats
50 creatures vanquished.

Notes
Turn   | Place    | Note
-------+----------+-------------------------------------------
     0 | D:1      | Borgoz the Kobold Berserker began the quest for the Orb.
     0 | D:1      | Reached XP level 1. HP: 14/14 MP: 1/1
   120 | D:1      | Reached XP level 2. HP: 14/19 MP: 2/2
   157 | D:1      | Reached skill level 1 in Stealth
   576 | D:1      | Reached XP level 3. HP: 12/23 MP: 3/3
  1030 | D:1      | Reached ** piety under Trog
  1455 | D:2      | Reached XP level 4. HP: 28/28 MP: 4/4
  1668 | D:2      | Noticed Natasha
  1681 | D:2      | Killed Natasha
  1987 | D:2      | Noticed Natasha
  1994 | D:2      | Slain by a shadow imp

Vault maps used:
D:1:      dpeg_arrival_prison, serial_forest, infiniplex_forest_clump_double,
          infiniplex_forest_corner_1, infiniplex_forest_clump_medium,
          infiniplex_forest_straight_1, infiniplex_forest_lined_ring
D:2:      uniq_natasha

Skill      XL: |  1  2  3  4 |
---------------+-------------+-----
Stealth        | 1 2 |  2.4
Armour         | 2 |  2.2
Dodging        | 3 |  3.3
Fighting       | |  3.8
Short Blades   | |  4.6

Action                   |  1- 3 |  4- 6 || total
-------------------------+-------+-------++-------
Melee: Short sword       |   162 |    72 ||   234
 Stab: Sleeping          |     2 |       ||     2
  Eat: Chunk             |     8 |     4 ||    12
Armor: Animal skin       |    13 |       ||    13
       Scale mail        |    28 |    13 ||    41
Dodge: Dodged            |   110 |    36 ||   146

Table legend:
 A = Non-vault XP
 B = Vault XP
 C = Vault XP percentage of total XP
 D = Non-vault monster count
 E = Vault monster count
 F = Vault count percentage of total count
                 A         B        C        D         E       F
            +---------+---------+-------+---------+---------+-------
      Total |      99 |      34 |  25.6 |      48 |       2 |   4.0
            +---------+---------+-------+---------+---------+-------
        D:1 |      49 |       1 |   2.0 |      29 |       1 |   3.3
        D:2 |      50 |      33 |  39.8 |      19 |       1 |   5.0
            +---------+---------+-------+---------+---------+-------
